 Dungeon Sprint DCSS version 0.17-a0-1691-g18a3847 (webtiles) character file.

630 cmyster the Fighter (level 7, 0/92 HPs)
             Began as an Ogre Fighter on Aug 20, 2015.
             Was an Initiate of Okawaru.
             Slain by a centaur warrior (12 damage)
             ... in the Dungeon (Sprint I: "Red Sonja").
             The game lasted 00:02:58 (684 turns).

cmyster the Fighter (Ogre Fighter)                   Turns: 684, Time: 00:02:58

Health: 0/92       AC:  3    Str: 22    XL:     7   Next: 48%
Magic:  7/7        EV: 13    Int:  8    God:    Okawaru [......]
Gold:   297        SH:  0    Dex: 10    Spells: 0 memorised, 6 levels left

rFire  . . .     SeeInvis .     l - +0 giant club
rCold  . . .     Clarity  .     b - +0 robe
rNeg   . . .     SustAt   .     (no shield)
rPois  .         Gourm    .     (helmet restricted)
rElec  .         Spirit   .     (no cloak)
rCorr  .         Warding  .     (gloves unavailable)
rMut   .         NoTele   +     (boots unavailable)
MR     .....                    (no amulet)
Stlth  ++........               (no ring)
                                (no ring)

@: not resistant to hostile enchantments, unstealthy
A: unfitting armour, tough skin 1
a: Renounce Religion


You were in the Dungeon.
You worshipped Okawaru.
Okawaru was noncommittal.
You were not hungry.

You visited 1 branch You collected 297 gold pieces.

Inventory:

Hand weapons
 l - a +0 giant club (weapon)
Armour
 b - a +0 robe (worn)
 c - a +0 shield
Magical devices
 a - a wand of frost (18)
Scrolls
 k - a scroll of blinking
Potions
 d - 2 potions of might
 h - a potion of haste
 i - 2 potions of magic
 j - a potion of berserk rage
 m - a potion of brilliance {unknown}
Comestibles
 e - a bread ration


   Skills:
 + Level 12.4 Fighting
 + Level 8.8 Maces & Flails
 + Level 9.0 Dodging
 + Level 2.7 Stealth
 - Level 5.1 Shields


You had 6 spell levels left.
You didn't know any spells.

Dungeon Overview and Level Annotations

Branches:
Dungeon (1/1)

Altars:
Cheibriados
Dithmenos
Elyvilon
Fedhas
Gozag
Kikubaaqudgha
Makhleb
Nemelex Xobeh
Okawaru
Qazlal
Ru
Sif Muna
Trog
Vehumet
Xom
Yredelemnul
Zin
The Shining One
Jiyva

Shops:
D *


Innate Abilities, Weirdness & Mutations

You are too large for most types of armour.
You have tough skin (AC +1).


Message History

You hit the centaur warrior but do no damage.
The centaur warrior is almost dead.
The centaur warrior barely misses you.
The centaur warrior completely misses you.
The centaur warrior hits you!
* * * LOW HITPOINT WARNING * * *
The centaur warrior hits you!
* * * LOW HITPOINT WARNING * * *
Drink which item? (? for menu, Esc to quit)
You feel much better. The centaur warrior hits you!
* * * LOW HITPOINT WARNING * * *
The centaur warrior completely misses you.
The centaur warrior misses you. The centaur warrior hits you.
* * * LOW HITPOINT WARNING * * *
You hit the centaur warrior.
The centaur warrior is almost dead.
The centaur warrior hits you!
* * * LOW HITPOINT WARNING * * *
The centaur warrior hits you!
You die...

#################
.#..)..#.)'..#__#
.'÷.#..'..#..+..+
.#####'#####+#__####
.####..#...#.####§$#
.#__####..##.#§§§c.#
.#_..__##'#..'§§@c§+
⌠#_.∩..†'..._#§§§§§#
##_..._##_.#'##+####
#_____###+#[#
####### ###


You could see 2 centaur warriors.

Vanquished Creatures
  A slime creature (D)
  Sigmund (D)
  A yak (D)
  An ogre (D)
  A jelly (D)
  Ijyb (D)
6 creatures vanquished.

Notes
Turn   | Place    | Note
--------------------------------------------------------------
     0 | D        | cmyster the Ogre Fighter began the quest for the Orb.
     0 | D        | Reached XP level 1. HP: 24/24 MP: 1/1
     2 | D        | Noticed Ijyb
    11 | D        | Killed Ijyb
    11 | D        | Reached skill level 5 in Fighting
    11 | D        | Reached XP level 2. HP: 25/36 MP: 2/2
    11 | D        | Reached XP level 3. HP: 30/44 MP: 3/3
   108 | D        | Noticed an ogre
   116 | D        | Killed an ogre
   116 | D        | Reached skill level 7 in Fighting
   116 | D        | Reached skill level 5 in Dodging
   116 | D        | Reached skill level 5 in Shields
   116 | D        | Reached XP level 4. HP: 11/57 MP: 4/4
   368 | D        | Noticed Sigmund
   371 | D        | Killed Sigmund
   371 | D        | Reached skill level 10 in Fighting
   371 | D        | Reached skill level 1 in Stealth
   371 | D        | Reached XP level 5. HP: 63/68 MP: 5/5
   371 | D        | Reached XP level 6. HP: 72/78 MP: 6/6
   386 | D        | Found a snail-covered altar of Cheibriados.
   386 | D        | Found a viscous altar of Jiyva.
   386 | D        | Found a shadowy altar of Dithmenos.
   386 | D        | Found a blossoming altar of Fedhas.
   386 | D        | Noticed a slime creature
   390 | D        | Killed a slime creature
   390 | D        | Reached skill level 11 in Fighting
   390 | D        | Reached XP level 7. HP: 53/88 MP: 7/7
   394 | D        | Found a deep blue altar of Sif Muna.
   534 | D        | Noticed a jelly
   535 | D        | Found a radiant altar of Vehumet.
   543 | D        | Killed a jelly
   592 | D        | Found Rierixik's Assorted Antiques.
   592 | D        | Found a white marble altar of Elyvilon.
   592 | D        | Found a stormy altar of Qazlal.
   592 | D        | Found a burning altar of Makhleb.
   592 | D        | Found a sacrificial altar of Ru.
   592 | D        | Found a basalt altar of Yredelemnul.
   592 | D        | Found a glowing golden altar of the Shining One.
   592 | D        | Found a sparkling altar of Nemelex Xobeh.
   592 | D        | Found a shimmering altar of Xom.
   592 | D        | Found an opulent altar of Gozag.
   592 | D        | Found an ancient bone altar of Kikubaaqudgha.
   592 | D        | Found a glowing silver altar of Zin.
   592 | D        | Noticed a yak
   593 | D        | Found an iron altar of Okawaru.
   596 | D        | Killed a yak
   596 | D        | Reached skill level 12 in Fighting
   597 | D        | Found a bloodstained altar of Trog.
   606 | D        | Became a worshipper of Warmaster Okawaru
   671 | D        | Noticed a centaur warrior
   672 | D        | Noticed a centaur warrior
   684 | D        | Slain by a centaur warrior

Vault maps used:
D:        dungeon_sprint_1

Action                   |  1- 3 |  4- 6 |  7- 9 || total
-------------------------+-------+-------+-------++-------
Melee: Flail             |    16 |       |       ||    16
       Giant club        |       |     4 |    13 ||    17
  Use: Potion            |       |       |     2 ||     2
 Stab: Sleeping          |       |     1 |       ||     1
